AoeStats
← Pillage The Village

Arabia

507758643Analyzed
1v1 RM · 13d ago on Sep 19, 2026· 42m 5s· 2 players
Game mode
Random Map
Map size
Tiny (2 player)
Population
200
Speed
Normal
Resources
Standard
Victory
Conquest
Starting age
Dark Age
Ending age
Imperial Age
RankedLock teamsTeams togetherTeam positionsShared explorationLock speedFull tech treeHidden civsTurbo modeCheats
Victory
Defeat
🇫🇷 Huns · France
1498
+15
🇧🇪 Persians · Belgium
1470
-15
Pillage The Village
5:49 Loom
8:28 Feudal Age
9:43 Double-Bit Axe
19:45 Castle Age
18:02 Gold Mining
18:29 Bloodlines
18:23 Gold Mining
19:05 Forging
19:40 Scale Barding Armor
21:10 Husbandry
25:15 Chain Barding Armor
27:55 Bow Saw
27:51 Fletching
27:49 Elite Skirmisher
28:50 Horse Collar
30:49 Wheelbarrow
30:30 Padded Archer Armor
32:27 Ballistics
33:06 Bodkin Arrow
34:25 Leather Archer Armor
38:28 Imperial Age
37:22 Gold Shaft Mining
38:38 Iron Casting
Wizo
6:47 Loom
9:24 Feudal Age
9:53 Double-Bit Axe
9:48 Horse Collar
15:15 Wheelbarrow
19:59 Castle Age
18:29 Fletching
19:26 Padded Archer Armor
19:48 Bloodlines
20:44 Bodkin Arrow
26:08 Heavy Plow
26:28 Bow Saw
28:58 Husbandry
29:41 Ballistics
30:05 Heavy Plow
31:46 Hand Cart
32:38 Thumb Ring
36:34 Imperial Age
34:41 Leather Archer Armor
34:32 Scale Barding Armor
36:08 Forging
37:35 Chain Barding Armor
36:58 Cavalier
38:55 Plate Barding Armor
38:25 Bracer
41:53 Iron Casting
Connection lost

Rejoining the realm…

Still unreachable

The connection could not be restored.

Session expired

The server has moved on; the page needs a fresh start.